 Dungeon Crawl Stone Soup version 0.31-a0-202-g547052bce9 (webtiles) character file.

Game seed: 7938217355584784279

46 qw the Shooter (level 3, -21/20 HPs)
             Began as a Deep Elf Hunter on June 26, 2023.
             Demolished by an ogre
             ... wielding a +0 giant spiked club
              (23 damage)
             ... on level 4 of the Dungeon.
             The game lasted 00:00:28 (1309 turns).

qw the Shooter (Deep Elf Hunter)                    Turns: 1309, Time: 00:00:28

Health: -21/20     AC: 10    Str: 10    XL:     3   Next: 46%
Magic:  5/5        EV:  9    Int: 13    God:
Gold:   6          SH:  0    Dex: 24    Spells: 2/2 levels left

rFire   . . .        b - +0 shortbow
rCold   . . .        (shield currently unavailable)
rNeg    . . .        j - +0 scale mail
rPois   .            (no helmet)
rElec   .            (no cloak)
rCorr   .            (no gloves)
SInv    .            (no boots)
Will    .....        (no amulet)
Stlth   +            h - +6 ring of dexterity
HPRegen 0.23/turn    e - +4 ring of protection
MPRegen 0.09/turn

%: no passive effects
@: no status effects
A: no striking features
a: no special abilities


You were on level 4 of the Dungeon.
You visited 1 branch of the dungeon, and saw 3 of its levels.

You collected 148 gold pieces.
You spent 142 gold pieces at shops.


   Skills:
 - Level 1.5 Fighting
 + Level 7.0 Ranged Weapons
 - Level 2.4 Dodging
 - Level 1.2 Stealth


You had 2 spell levels left.
You didn't know any spells.
Your spell library was empty.

Inventory:

Hand Weapons
 b - a +0 shortbow (weapon)
Armour
 j - a +0 scale mail (worn)
Jewellery
 e - a +4 ring of protection (right hand)
 h - a +6 ring of dexterity (left hand)
Wands
 k - a wand of acid (6)
 l - a wand of digging (3)
Potions
 a - 2 potions of curing {unknown}
 c - a potion of lignification {unknown}
 d - a potion of enlightenment {unknown}
 f - a potion of mutation {unknown}
 g - a potion of might {unknown}
 i - a potion of brilliance {unknown}

Dungeon Overview and Level Annotations

Branches:
Dungeon (2/15)

Altars:

Shops:
D:4 *


Message History

l - a wand of digging (3)
A goblin comes into view. It is wielding a +0 dagger.
Found a dagger.
The goblin shouts!
A ball python comes into view.
Enter note: You shoot an arrow.
The ball python hisses angrily.
The arrow hits the goblin!
You kill the goblin!
You shoot an arrow. The arrow hits the ball python.
The ball python is severely wounded.
You shoot an arrow. The arrow hits the ball python!
You kill the ball python!
An ogre comes into view. It is wielding a +0 giant spiked club.
You shoot an arrow. The ogre shouts!
The arrow hits the ogre.
The ogre is lightly wounded.
You shoot an arrow. The arrow hits the ogre!
The ogre is heavily wounded.
You shoot an arrow. The arrow hits the ogre.
The ogre is heavily wounded.
You shoot an arrow. The arrow hits the ogre.
The ogre is severely wounded.
You shoot an arrow.
The arrow hits the ogre but does no damage.
The ogre is severely wounded.
An orc priest comes into view. It is wielding a +0 hand axe.
The ogre hits you with a +0 giant spiked club!!
Ouch! That really hurt!
You shoot an arrow. The orc priest shouts!
The arrow hits the ogre.
The ogre is severely wounded.
You hear a shout!
The orc priest looks satisfied for a moment.
The ogre hits you with a +0 giant spiked club!!
Ouch! That really hurt!
You die...

#. ##.....####.........
#.. ##..................
#..###...................
.........#####...........
#........# ............
###...#.## #............
#......## .............
#..##....##........ ..
#..#@....... .
#..#.O...... #.#....%....
#........... ............
..........)..
.......).....
............o.


You could see an ogre and an orc priest.

Vanquished Creatures
  2 dart slugs (D:1)
  4 ball pythons
  3 bats (D:1)
  2 endoplasms
  2 giant cockroaches (D:1)
  5 goblins
  7 hobgoblins (D:1)
  5 jackals
  3 kobolds (D:1)
  A quokka (D:2)
  2 frilled lizards (D:1)
  A rat (D:2)
37 creatures vanquished.

Notes
Turn   | Place    | Note
-------+----------+-------------------------------------------
     0 | D:1      | qw the Deep Elf Hunter began the quest for the Orb.
     0 | D:1      | Reached XP level 1. HP: 12/12 MP: 3/3
     0 | D:1      | 0 ||| qw: Version: 0.3-a-22-g0ed2b0b
     0 | D:1      | 0 ||| qw: Game counter: 5780
     0 | D:1      | 0 ||| qw: Melee chars always use a shield: true
     0 | D:1      | 0 ||| qw: God list: Okawaru
     0 | D:1      | 0 ||| qw: Allow faded altars: false
     0 | D:1      | 0 ||| qw: Do Orc after clearing Dungeon:15 true
     0 | D:1      | 0 ||| qw: Do second Lair branch before Depths: true
     0 | D:1      | 0 ||| qw: Lair rune preference: random
     0 | D:1      | 0 ||| qw: Goals: Normal
     0 | D:1      | 0 ||| PLANNING D:1-11
   103 | D:1      | Found a faded altar of an unknown god.
   107 | D:1      | Reached XP level 2. HP: 16/16 MP: 4/4
   110 | D:1      | Reached skill level 6 in Ranged Weapons
   320 | D:1      | 320 ||| Stepping ~*~*~tactically~*~*~ (outnumbered).
   325 | D:1      | 325 ||| Stepping ~*~*~tactically~*~*~ (outnumbered).
   451 | D:1      | Reached XP level 3. HP: 20/20 MP: 5/5
   837 | D:1      | 837 ||| UPGRADING to +6 ring of dexterity.
   838 | D:1      | 838 ||| READING scroll labelled HUFO CUZAOKLANT.
   839 | D:1      | 839 ||| DROPPING scroll of butterflies.
  1179 | D:2      | You fall into a shaft and drop 2 floors!
  1179 | D:4      | Found Poetyret's Assorted Antiques.
  1184 | D:4      | Reached skill level 7 in Ranged Weapons
  1192 | D:4      | 1192 ||| BUYING bubbling puce potion (26 gold).
  1192 | D:4      | Bought a bubbling puce potion for 26 gold pieces
  1192 | D:4      | 1192 ||| BUYING curved brass wand (116 gold).
  1192 | D:4      | Bought a curved brass wand for 116 gold pieces
  1192 | D:4      | 1192 ||| SHOPLISTING scroll labelled RUSIUZ TICZIU (29
                  | gold, have 6).
  1192 | D:4      | 1192 ||| SHOPLISTING scroll labelled TEXYH SOUTT (29 gold,
                  | have 6).
  1192 | D:4      | 1192 ||| SHOPLISTING scroll labelled UMYNNOCZAN (29 gold,
                  | have 6).
  1192 | D:4      | 1192 ||| SHOPLISTING scroll of identify (58 gold, have 6).
  1192 | D:4      | 1192 ||| UPGRADING to +0 scale mail.
  1202 | D:4      | 1202 ||| DROPPING +0 leather armour.
  1203 | D:4      | 1203 ||| UPGRADING to ring of resist corrosion.
  1204 | D:4      | 1204 ||| UPGRADING to +4 ring of protection.
  1206 | D:4      | 1206 ||| DROPPING ring of resist corrosion.
  1303 | D:4      | Noticed an ogre
  1308 | D:4      | HP: 2/20 [ogre/+0 giant spiked club (18)]
  1309 | D:4      | Demolished by an ogre

Levels and vault maps discovered:
D:1:      dpeg_arrival_more_subterranean_lakeside_camping, layout_basic,
          hellmonk_ecumenical_altar_run_dry, hangedman_decor_lopped
D:2:      layout_basic, serial_shops, nicolae_shop_industrial_runoff
D:4:      minmay_clustersquares, layout_layer_cave, serial_shops,
          nicolae_shop_tiny_glass, gammafunk_ghost_nasty_kobolds

Skill      XL: |  1  2  3 |
---------------+----------+-----
Ranged Weapons | 6 7 |  7.0
Fighting       | |  1.5
Dodging        | |  2.4
Stealth        | |  1.2

Action                     || total
---------------------------++-------
   Fire: Shortbow          ||   110
    Use: Scroll            ||     1
 Armour: Leather armour    ||     4
         Scale mail        ||     3
  Dodge: Dodged            ||    24

Table legend:
 A = Non-vault XP
 B = Vault XP
 C = Vault XP percentage of total XP
 D = Non-vault monster count
 E = Vault monster count
 F = Vault count percentage of total count
                 A         B        C        D         E       F
            +---------+---------+-------+---------+---------+-------
      Total |      67 |       0 |   0.0 |      37 |       0 |   0.0
            +---------+---------+-------+---------+---------+-------
        D:1 |      48 |       0 |   0.0 |      25 |       0 |   0.0
        D:2 |      13 |       0 |   0.0 |       8 |       0 |   0.0
        D:4 |       6 |       0 |   0.0 |       4 |       0 |   0.0
            +---------+---------+-------+---------+---------+-------
